Map: Grań Lerilaka

Players

macho

  • Race: Protoss Protoss

Iluvatar - Winner!

  • Race: Protoss Protoss
  • League: Silver

VOD

Have the link to the VOD?

Description

Time

  • Played on: Dec. 28, 2015, 6:52 a.m.
  • Length: 8:07
Show
View Real Time Build Order
Export as new Build Order

macho Protoss 

Build Orders: 1 Gate Expand 

Get SALT Encoding   

  12  0:02  Probe (Chrono Boost)  
  13  0:12  Probe (Chrono Boost)  
  14  0:18  Pylon  
  14  0:23  Probe (Chrono Boost)  
  15  0:36  Probe (Chrono Boost)  
  15  0:40  Gateway  
  16  0:47  Probe (Chrono Boost)  
  17  0:52  Assimilator  
  17  0:57  Probe (Chrono Boost)  
  18  1:08  Probe (Chrono Boost)  
  20  1:18  Probe (Chrono Boost)  
  20  1:31  Probe (Chrono Boost)  
  21  1:33  Nexus  
  21  1:43  Cybernetics Core  
  21  1:44  Probe (Chrono Boost)  
  22  1:55  Probe (Chrono Boost)  
  23  2:04  Pylon  
  23  2:16  Gateway  
  23  2:18  Assimilator  
  23  2:20  Warp Gate (Chrono Boost)  
  23  2:22  Probe  
  24  2:34  Probe  
  24  2:35  Robotics Facility  
  25  2:47  Probe  
  25  2:49  Probe  
  27  2:59  Probe  
  27  3:03  Zealot  
  27  3:05  Stalker  
  32  3:07  Pylon  
  32  3:15  Mothership Core  
  32  3:17  Probe  
  32  3:19  Pylon  
  35  3:29  Probe  
  36  3:36  Gateway, Probe, Observer  
  38  3:44  Stalker, Zealot  
  38  3:46  Probe  
  43  3:54  Probe  
  44  3:56  Gateway  
  44  4:03  Immortal  
  48  4:10  Gateway  
  48  4:21  Pylon, Probe  
  48  4:22  Probe  
  50  4:26  Assimilator  
  50  4:30  Assimilator  
  50  4:31  Probe  
  50  4:34  Probe  
  50  4:36  Stalker  
  50  4:37  Stalker  
  56  4:49  Immortal  
  56  4:50  Forge  
  60  4:53  Probe  
  60  4:54  Probe  
  62  5:01  Zealot  
  62  5:03  Probe  
  65  5:08  Twilight Council  
  65  5:12  Zealot  
  65  5:13  Zealot  
  69  5:23  Probe  
  70  5:34  Stargate  
  70  5:46  Probe  
  70  5:48  Probe  
  68  5:50  Nexus  
  68  5:52  Pylon  
  68  5:55  Charge (Chrono Boost)  
  68  5:59  Stalker  
  70  6:08  Pylon  
  70  6:17  Immortal  
  74  6:26  Probe  
  74  6:27  Probe  
  76  6:33  Oracle  
  76  6:36  Probe  
  76  6:39  Probe  
  81  6:47  Probe  
  81  6:48  Stalker x2  
  86  6:54  Pylon  
  86  7:01  Immortal, Probe  
  86  7:02  Zealot  
  86  7:03  Zealot x2  
  97  7:13  Pylon  
  69  7:32  Zealot x5  
  60  7:44  Zealot x2  
  47  7:48  Probe  
  47  7:49  Probe  
  35  7:59  Sentry x3  
Show
View Real Time Build Order
Export as new Build Order

Iluvatar Protoss - Winner!

Build Orders:  

Get SALT Encoding   

  12  0:01  Probe (Chrono Boost)  
  13  0:12  Probe (Chrono Boost)  
  14  0:17  Pylon  
  14  0:22  Probe (Chrono Boost)  
  15  0:36  Probe (Chrono Boost)  
  15  0:38  Gateway  
  16  0:46  Probe (Chrono Boost)  
  16  0:47  Assimilator  
  18  0:57  Probe (Chrono Boost)  
  18  1:07  Probe (Chrono Boost)  
  19  1:18  Probe (Chrono Boost)  
  20  1:22  Pylon  
  20  1:25  Cybernetics Core  
  20  1:33  Probe (Chrono Boost)  
  21  1:43  Probe (Chrono Boost)  
  23  1:54  Probe (Chrono Boost)  
  23  1:57  Nexus  
  23  2:05  Mothership Core (Chrono Boost)  
  23  2:07  Warp Gate (Chrono Boost)  
  25  2:12  Assimilator  
  25  2:17  Pylon  
  25  2:23  Probe (Chrono Boost)  
  25  2:27  Stalker  
  28  2:35  Probe  
  29  2:47  Probe  
  30  2:55  Robotics Facility  
  30  3:06  Gateway  
  30  3:07  Gateway  
  30  3:19  Probe  
  30  3:21  Probe  
  32  3:30  Probe  
  32  3:33  Probe  
  34  3:38  Pylon  
  34  3:40  Probe  
  34  3:41  Forge  
  34  3:45  Probe  
  36  3:52  Immortal (Chrono Boost)  
  40  4:01  Pylon  
  40  4:02  Probe  
  40  4:04  Probe  
  42  4:10  Sentry x2  
  42  4:13  Stalker  
  48  4:18  Protoss Ground Weapons Level 1 (Chrono Boost)  
  48  4:28  Immortal  
  48  4:37  Probe x2  
  54  4:45  Pylon x2  
  54  4:49  Adept, Probe x2  
  58  5:00  Adept  
  58  5:02  Adept  
  58  5:04  Warp Prism  
  64  5:27  Pylon  
  64  5:28  Pylon  
  64  5:29  Adept x3  
  70  5:37  Observer  
  71  5:43  Gateway  
  71  5:45  Gateway  
  71  5:46  Gateway  
  71  5:47  Gateway  
  71  5:49  Gateway  
  71  6:05  Adept x3  
  77  6:38  Adept  
  77  6:39  Adept x2  
  83  6:48  Adept x2  
  83  6:49  Adept x3  
  93  7:22  Adept x3  
  91  7:23  Adept x4  
  93  7:39  Stalker  
  93  7:49  Adept x4  
Tags
 
Add a new tag
Caveats
  • Supply blocks, unpowered buildings, or Contaminate may cause inaccurate times.
  • Supply counts are checked every 10 seconds.